 Dungeon Crawl Stone Soup version 0.29.1-2-gbd0b4ee654 (webtiles) character file.

Game seed: 15048170216204066325

17 Descartes the Ducker (level 2, -1/14 HPs)
             Began as a Felid Chaos Knight on Nov 29, 2022.
             Was a Plaything of Xom.
             Succumbed to an adder's poison
             ... on level 2 of the Dungeon.
             The game lasted 00:01:02 (1197 turns).

Descartes the Ducker (Felid Chaos Knight)           Turns: 1197, Time: 00:01:02

Health: -1/14      AC:  1    Str:  8    XL:     2   Next: 44%
Magic:  3/3        EV: 18    Int: 13    God:    Xom [....*.]
Gold:   47         SH:  0    Dex: 15    Spells: 1/1 levels left
                                        Lives:  0   Deaths: 0

rFire   . . .      SeeInvis +     - Unarmed
rCold   . . .      Faith    .   (shield unavailable)
rNeg    . . .      Spirit   .   (body armour unavailable)
rPois   .          Reflect  .   (helmet unavailable)
rElec   .          Harm     .   (cloak unavailable)
rCorr   .          Rampage  .   (gloves unavailable)
Will    .....                   (boots unavailable)
Stlth   ++........              (no amulet)
HPRegen 0.04/turn               (no ring)
MPRegen 0.08/turn               (no ring)

@: lethally poisoned (-1 -> -8), flying, quick
A: very small, claws 1, fangs 3, see invisible, speed 1, shaggy fur 1, stealthy
paws, no weapons or thrown items, no armour, multi-lived
a: Renounce Religion


You were on level 2 of the Dungeon.
You worshipped Xom.
You were a beloved toy of Xom.
You visited 1 branch of the dungeon, and saw 2 of its levels.

You collected 47 gold pieces.

Inventory:

Scrolls
 c - a scroll of acquirement {unknown}
 d - 2 scrolls of noise {unknown}
 i - a scroll of summoning {unknown}
 j - a scroll of fog {unknown}
 k - a scroll of identify {unknown}
Potions
 b - 3 potions of curing {unknown}
 f - a potion of degeneration {unknown}
 g - a potion of lignification {unknown}
 h - 3 potions of haste {unknown}
Miscellaneous
 a - a piece from Xom's chessboard (15/15) (quivered)


   Skills:
 + Level 3.1 Fighting
 + Level 3.5 Dodging
 * Level 1.6 Stealth
 * Level 3.3 Unarmed Combat


You had one spell level left.
You didn't know any spells.
Your spell library contained the following spells:

 Spells                   Type           Power      Damage    Failure   Level
 Confusing Touch          Hex            0%         N/A       67%         3
 Ignite Poison            Fire/Tmut/Pois 0%         N/A       67%         3
 Mephitic Cloud           Conj/Pois/Air  0%         N/A       67%         3
 Freezing Cloud           Conj/Ice/Air   0%         6-21      100%        5
 Yara's Violent Unravell  Hex/Tmut       0%         3d3       100%        5
 Enfeeble                 Hex            0%         N/A       100%        7


Dungeon Overview and Level Annotations

Branches:
Dungeon (2/15)

Altars:


Innate Abilities, Weirdness & Mutations

You have sharp claws.
You have razor-sharp teeth.
You have supernaturally acute eyesight. (SInv)
You cover ground quickly. (Speed+)
You are covered in fur. (AC +1)
Your paws help you pounce on unaware monsters.
You are incapable of wielding weapons or throwing items.
You cannot wear armour.
You gain extra lives every three experience levels.


Message History

k - a scroll labelled LIDGHA JENOA You are now a BORING thing. "Whee!"
Your surroundings suddenly seem different.
An adder comes into view.
You are now a beloved toy of Xom.
The adder hisses angrily.
The adder bites you.
You are poisoned.
The adder poisons you!
You barely miss the adder. You bite the adder.
The adder is lightly wounded.
You feel sick. The adder barely misses you. The adder bites you.
You are lethally poisoned!
The adder poisons you!
You scratch the adder.
The adder is moderately wounded.
You feel very sick. The adder closely misses you.
You are too injured to fight recklessly!
You are too injured to fight recklessly!
You are too injured to fight recklessly!
You are too injured to fight recklessly!
You are too injured to fight recklessly!
You are too injured to fight recklessly!
You are too injured to fight recklessly!
You are too injured to fight recklessly!
You are too injured to fight recklessly!
You are too injured to fight recklessly!
You closely miss the adder.
The adder is moderately wounded.
* * * LOW HITPOINT WARNING * * *
You feel sick. The adder bites you.
* * * LOW HITPOINT WARNING * * *
Unknown command.
It was a potion of flight.
You feel very buoyant.
You fly up into the air.
You die...
Xom chuckles heartily!

.... #.........#
......##+#........[#
...................#
...................##
....................#
....................####
.......................#
.......................#
.#..S@......#........#
#........#+#+###'####
#....<.......^...#
#.....##.....^_..#
#......+.....^^..#
#......#........#####
#....................
..#..###..........#####
..................#


You could see an adder.

Vanquished Creatures
  An endoplasm (D:1)
  4 goblins
  3 hobgoblins (D:1)
  A kobold (D:1)
  3 ball pythons
  2 frilled lizards (D:1)
  A rat (D:2)
15 creatures vanquished.

Notes
Turn   | Place    | Note
-------+----------+-------------------------------------------
     0 | D:1      | Descartes the Felid Chaos Knight began the quest for the
                  | Orb.
     0 | D:1      | Reached XP level 1. HP: 10/10 MP: 2/2
     2 | D:1      | Noticed a spriggan
     2 | D:1      | Noticed a demigod
     4 | D:1      | Noticed a gargoyle
     4 | D:1      | Noticed a minotaur
     6 | D:1      | Noticed a merfolk
     6 | D:1      | Noticed a draconian
    10 | D:1      | Noticed a formicid
    12 | D:1      | Noticed a troll
    12 | D:1      | Noticed a human
    14 | D:1      | Noticed a vine stalker
    14 | D:1      | Noticed an elf
    16 | D:1      | Noticed a ghoul
    16 | D:1      | Noticed an ogre
    18 | D:1      | Noticed a tengu
    18 | D:1      | Noticed a naga
    20 | D:1      | Noticed a demonspawn
    20 | D:1      | Noticed an octopode
    22 | D:1      | Noticed a palentonga
    22 | D:1      | Noticed a vampire
    24 | D:1      | Noticed a felid
    24 | D:1      | Noticed a formicid
    27 | D:1      | Noticed a demonspawn
    27 | D:1      | Noticed a human
    72 | D:1      | XOM: potion effect (might)
   278 | D:1      | Reached skill level 1 in Stealth
   562 | D:1      | Reached XP level 2. HP: 14/14 MP: 3/3
   765 | D:1      | XOM: noise
   822 | D:1      | XOM: silly message
  1036 | D:2      | XOM: potion effect (invisibility)
  1062 | D:2      | XOM: polymorph adder -> goblin
  1070 | D:2      | Found a faded altar of an unknown god.
  1190 | D:2      | XOM is BORED!
  1190 | D:2      | XOM: 1-stop teleportation journey
  1197 | D:2      | Succumbed to an adder's poison

Illustrated notes

Levels and vault maps discovered:
D:1:      kb_arrival_jail, layout_basic
D:2:      layout_basic, basic_altar, ebering_ecumenical_altar_webs,
          minmay_circle_x

Skill      XL: |  1 |
---------------+----+-----
Stealth        | 1 |  1.6
Fighting       | |  3.1
Dodging        | |  3.5
Unarmed Combat | |  3.3

Action                   || total
-------------------------++-------
Melee: Unarmed           ||    38
       Bite              ||     4
       Punch             ||     2
  Use: Potion            ||     1
 Stab: Sleeping          ||     3
       Invisible         ||     1
Armor: Skin              ||     1
Dodge: Dodged            ||    29
